 Dungeon Sprint DCSS version 0.28.0-53-g5a82cb258f (webtiles) character file.

Game seed: 3688187954708178186

58167 Zeld the Conqueror (level 14, -24/168 HPs)
             Began as a Minotaur Berserker on June 9, 2022.
             Was a High Priest of Trog.
             Annihilated by an orc warlord
             ... wielding a +0 long sword
              (45 damage)
             ... in the Dungeon (Sprint IX: "|||||||||||||||||||||||||||||").
             The game lasted 00:11:16 (7385 turns).

Zeld the Conqueror (Minotaur Berserker)             Turns: 7385, Time: 00:11:17

Health: -24/168    AC: -4    Str: 31    XL:     14   Next: 48%
Magic:  13/13      EV: 18    Int: 12    God:    Trog [*****.]
Gold:   181        SH:  0    Dex: 10    Spells: 13/13 levels left

rFire   . . .      SeeInvis +   a - +7 executioner's axe of Death {vorpal, rN+}
rCold   . . .      Faith    .   (shield currently unavailable)
rNeg    + . .      Spirit   .   x - +1 scale mail "Gocriede" {*Corrode +Inv Str+4 Int+8}
rPois   +          Reflect  .   (helmet restricted)
rElec   .          Harm     .   k - +0 cloak
rCorr   .          Rampage  .   v - +0 pair of gloves
Will    +++..      NoTele   +   q - +0 pair of boots
Stlth   ..........              (no amulet)
HPRegen 1.38/turn               u - ring of poison resistance
MPRegen 0.13/turn               B - ring of see invisible

@: strong-willed, corroded, on berserk cooldown, regenerating, slowed, very slow
A: horns 2, retaliatory headbutt
a: Renounce Religion, Evoke Invisibility, Berserk, Trog's Hand, Brothers in Arms


You were in the Dungeon.
You worshipped Trog.
Trog was extremely pleased with you.
You visited 1 branch You collected 1866 gold pieces.
You spent 1685 gold pieces at shops.

Inventory:

Hand Weapons
 a - the +7 executioner's axe of Death (weapon) {vorpal, rN+}
   (Trog gifted it to you in the Dungeon)

   It inflicts extra damage upon your enemies.
   rN:        It protects you from negative energy.
 s - a +2 antimagic battleaxe
 z - a +0 executioner's axe
 A - a +5 battleaxe of flaming
Armour
 k - a +0 cloak (worn)
 q - a +0 pair of boots (worn)
 v - a +0 pair of gloves (worn)
 x - the +1 scale mail "Gocriede" (worn) {*Corrode +Inv Str+4 Int+8}
   (You bought it in a shop in the Dungeon)

   Str:       It affects your strength (+4).
   Int:       It affects your intelligence (+8).
   +Inv:      It lets you turn invisible.
   *Corrode:  It may corrode you when you take damage.
 y - a +7 plate armour of ponderousness
Jewellery
 u - a ring of poison resistance (left hand)
 B - a ring of see invisible (right hand)
Wands
 b - a wand of flame (8)
 j - a wand of acid (17)
 l - a wand of iceblast (9)
Scrolls
 h - a scroll of blinking
 m - a scroll of fear
 p - 5 scrolls of enchant armour
 r - 4 scrolls of fog
 w - 3 scrolls of identify
Potions
 c - 7 potions of curing
 d - 7 potions of heal wounds
 e - a potion of haste
 f - 4 potions of magic
 g - a potion of berserk rage
 i - a potion of invisibility
 n - 2 potions of resistance
 o - a potion of mutation


   Skills:
 O Level 27 Fighting
 - Level 24.0 Axes
 + Level 23.0 Armour
 + Level 21.3 Dodging
 * Level 9.1 Evocations


You had 13 spell levels left.
You didn't know any spells.
Your spell library was empty.

Dungeon Overview and Level Annotations

Branches:
Dungeon (1/1)

Altars:
Cheibriados
Dithmenos
Elyvilon
Fedhas
Gozag
Hepliaklqana
Kikubaaqudgha
Makhleb
Nemelex Xobeh
Okawaru
Qazlal
Ru
Sif Muna
Trog
Uskayaw
Vehumet
Wu Jian
Xom
Yredelemnul
Zin
The Shining One
Beogh
Jiyva
Lugonu

Shops:
D =[?(


Innate Abilities, Weirdness & Mutations

You have a pair of horns on your head.
You reflexively headbutt those who attack you in melee.


Message History

Your deep troll claws the orc warlord but does no damage.
The orc warlord hits your deep troll with a +0 long sword!!
Unknown command.
Your deep troll bites the orc warlord.
Your deep troll claws the orc warlord.
Your deep troll claws the orc warlord!
The orc warlord hits your deep troll with a +0 long sword!!
Your deep troll dies!
Your deep troll's corpse disappears in a puff of smoke!
Unknown command.
Your deep troll goes berserk!
The sentinel's mark upon you fades away.
The ironbound convoker closely misses your deep troll.
The orc warlord hits you with a +0 long sword!!!
* * * LOW HITPOINT WARNING * * *
Unknown command.
Unknown command.
You completely miss the orc warlord.
You headbutt the orc warlord, but do no damage.
The orc warlord is almost dead.
The ironbound preserver gestures wildly while chanting.
The ironbound preserver begins to accept its allies' injuries.
The ironbound convoker hits your deep troll with a +0 flail!
Your deep troll bites the ironbound convoker!!!
Your deep troll claws the ironbound convoker.
Your deep troll barely misses the ironbound convoker.
The orc warlord hits you with a +0 long sword!
* * * LOW HITPOINT WARNING * * *
Unknown command.
You barely miss the orc warlord.
The orc warlord is almost dead.
The runic seal fades away.
Your deep troll bites the ironbound convoker!!
Your deep troll claws the ironbound convoker!
Your deep troll claws the ironbound convoker.
The ironbound convoker dies!
Trog accepts your kill.
Trog appreciates your killing of a magic user.
The vault warden activates a sealing rune.
The orc warlord hits you with a +0 long sword!!!
You die...

.▓.▓.▓.▓.▓.▓'▓.▓.▓
.▓.▓)▓.▓.▓.♣)♣.▓p▓
.▓.▓)▓.▓)▓.♣)♣.▓c▓
†▓.▓)▓.▓)▓.♣.♣.▓p▓
†▓.▓)▓)▓)▓.♣)♣.▓)▓
)▓.▓)▓.▓.▓.♣.♣.▓B▓
.▓.▓)▓.▓)▓.♣.♣.▓T▓
.▓.▓.▓.▓.▓.♣.♣.▓o▓
.▓.▓.▓.▓.▓.♣[♣.▓@▓
.▓.▓.▓.▓.▓.♣[♣.▓+▓
.▓.▓.▓.▓)▓.♣'♣.▓.▓
÷▓.▓.▓.▓.▓.▓.▓.▓.▓
÷▓.▓.▓.▓.▓.▓.▓.▓.▓
†▓.▓.▓.▓.▓.▓.▓.▓.▓
†▓.▓)▓.▓[▓.▓.▓.▓.▓
.▓.▓)▓.▓[▓.▓.▓.▓.▓
.▓.▓)▓.▓[▓.▓☼▓.▓.▓


You could see an orc warlord (strong, sheltered), an ironbound preserver, a
vault warden (sheltered), a yaktaur captain (sheltered), an entropy weaver
(strong, sheltered) and a friendly deep troll (summoned, berserk).

Vanquished Creatures
  A tengu reaver (D)
  2 nagarajas (D)
  A vault warden (D)
  An iron dragon (D)
  2 ironbound preservers (D)
  2 very ugly things (D)
  3 stone giants (D)
  2 vampire knights (D)
  A spark wasp (D)
  2 ettins (D)
  3 fire dragons (D)
  Erolcha (D)
  3 ice dragons (D)
  A boulder beetle (D)
  An ironbound frostheart (D)
  A naga warrior (D)
  2 centaur warriors (D)
  Erica (D)
  An anaconda (D)
  An alligator snapping turtle (D)
  An alligator (D)
  A naga sharpshooter (D)
  A pharaoh ant (D)
  A skeletal warrior (D)
  A flayed ghost (D)
  A naga ritualist (D)
  A sea snake (D)
  2 glowing orange brains (D)
  4 swamp dragons (D)
  A bog body (D)
  2 steelbarb worms (D)
  2 harpies (D)
  An ironbound convoker (D)
  An orc knight (D)
  7 orc sorcerers (D)
  2 wolf spiders (D)
  2 ugly things (D)
  A cyclops (D)
  A will-o-the-wisp (D)
  Maurice (D)
  A merfolk siren (D)
  3 black mambas (D)
  A guardian serpent (D)
  A water nymph (D)
  A vault sentinel (D)
  A torpor snail (D)
  4 cane toads (D)
  A kobold demonologist (D)
  A freezing wraith (D)
  A komodo dragon (D)
  A meliai (D)
  4 trolls (D)
  A polar bear (D)
  A merfolk (D)
  3 hornets (D)
  A jumping spider (D)
  2 spriggans (D)
  A basilisk (D)
  A redback (D)
  A vampire mosquito (D)
  3 wargs (D)
  6 water moccasins (D)
  A hell hound (D)
  A sky beast (D)
  3 orc warriors (D)
  5 wolves (D)
  A centaur (D)
  2 bullfrogs (D)
  A hound (D)
  An orc priest (D)
  9 orc wizards (D)
  An adder skeleton (D)
  11 orcs (D)
  A giant cockroach (D)
  A goblin (D)
  2 ball pythons (D)
  A rat (D)
147 creatures vanquished.

Vanquished Creatures (collateral kills)
  A sphinx (D)
  A frost giant (D)
  A fire giant (D)
  An ironbound thunderhulk (D)
  A fire dragon (D)
  An ettin (D)
  A merfolk impaler (D)
  An ice dragon (D)
  2 boulder beetles (D)
  A spriggan air mage (D)
  A satyr (D)
  A deep troll earth mage (D)
  An ironbound convoker (D)
  A deep elf pyromancer (D)
  3 orc knights (D)
  An ugly thing (D)
  3 orc warriors (D)
  An orc (D)
23 creatures vanquished.

Vanquished Creatures (others)
  A vampire mosquito (D)
  A foxfire (D)
2 creatures vanquished.

Grand Total: 172 creatures vanquished

Notes
Turn   | Place    | Note
-------+----------+-------------------------------------------
     0 | D        | Zeld the Minotaur Berserker began the quest for the Orb.
     0 | D        | Reached XP level 1. HP: 19/19 MP: 0/0
    11 | D        | Reached skill level 4 in Fighting
    11 | D        | Reached ** piety under Trog
   193 | D        | Noticed a sky beast
   193 | D        | Noticed an orc wizard
   193 | D        | Noticed a hound
   198 | D        | Killed a hound
   198 | D        | Reached *** piety under Trog
   199 | D        | Reached skill level 5 in Fighting
   199 | D        | Reached skill level 5 in Axes
   199 | D        | Reached XP level 2. HP: 30/30 MP: 1/1
   199 | D        | Reached XP level 3. HP: 37/37 MP: 2/2
   201 | D        | Reached skill level 6 in Fighting
   208 | D        | Killed a sky beast
   209 | D        | Reached skill level 8 in Fighting
   209 | D        | Reached skill level 5 in Armour
   209 | D        | Reached XP level 4. HP: 48/48 MP: 3/3
   209 | D        | Reached XP level 5. HP: 53/53 MP: 4/4
   210 | D        | Reached **** piety under Trog
   211 | D        | Reached skill level 5 in Dodging
   289 | D        | Found a snail-covered altar of Cheibriados.
   289 | D        | Found a shadowy altar of Dithmenos.
   289 | D        | Found a white marble altar of Elyvilon.
   289 | D        | Found a blossoming altar of Fedhas.
   289 | D        | Found an opulent altar of Gozag.
   342 | D        | Found a hazy altar of Hepliaklqana.
   343 | D        | Found a viscous altar of Jiyva.
   344 | D        | Found an ancient bone altar of Kikubaaqudgha.
   345 | D        | Found a corrupted altar of Lugonu.
   346 | D        | Found a burning altar of Makhleb.
   347 | D        | Found a sparkling altar of Nemelex Xobeh.
   348 | D        | Found an iron altar of Okawaru.
   349 | D        | Found a stormy altar of Qazlal.
   350 | D        | Found a sacrificial altar of Ru.
   351 | D        | Found a shimmering blue altar of Sif Muna.
   352 | D        | Found a bloodstained altar of Trog.
   353 | D        | Found a hide-covered altar of Uskayaw.
   354 | D        | Found a radiant altar of Vehumet.
   355 | D        | Found an ornate altar of the Wu Jian Council.
   356 | D        | Found a shimmering altar of Xom.
   357 | D        | Found a basalt altar of Yredelemnul.
   358 | D        | Found a glowing silver altar of Zin.
   359 | D        | Found a glowing golden altar of the Shining One.
   396 | D        | Noticed a hornet
   396 | D        | Noticed a centaur
   396 | D        | Noticed a troll
   396 | D        | Noticed a kobold demonologist
   396 | D        | Noticed a troll
   396 | D        | Noticed an orc warrior
   399 | D        | Killed an orc warrior
   400 | D        | Reached skill level 9 in Fighting
   401 | D        | Killed a troll
   402 | D        | Reached skill level 10 in Fighting
   402 | D        | Reached skill level 10 in Axes
   402 | D        | Reached XP level 6. HP: 67/67 MP: 5/5
   404 | D        | Killed a kobold demonologist
   405 | D        | Reached skill level 11 in Fighting
   405 | D        | Reached XP level 7. HP: 75/75 MP: 6/6
   411 | D        | Killed a troll
   412 | D        | Reached skill level 12 in Fighting
   412 | D        | Reached ***** piety under Trog
   413 | D        | Reached XP level 8. HP: 85/85 MP: 7/7
   417 | D        | Paralysed by a hornet for 1 turns
   420 | D        | Killed a hornet
   421 | D        | Reached skill level 13 in Fighting
   703 | D        | Noticed a boulder beetle
   703 | D        | Noticed a troll
   703 | D        | Noticed a troll
   703 | D        | Noticed a red ugly thing
   703 | D        | Noticed a centaur warrior
   710 | D        | Killed a centaur warrior
   711 | D        | Reached skill level 14 in Fighting
   711 | D        | Reached skill level 10 in Armour
   716 | D        | Killed a red ugly thing
   717 | D        | Reached XP level 9. HP: 75/96 MP: 8/8
   718 | D        | Killed a troll
   719 | D        | Reached skill level 15 in Axes
   721 | D        | Killed a troll
   722 | D        | Reached skill level 15 in Fighting
   728 | D        | Reached skill level 10 in Dodging
   928 | D        | Killed a boulder beetle
   928 | D        | Received a gift from Trog
  1370 | D        | Noticed a black mamba
  1370 | D        | Noticed a cane toad
  1370 | D        | Noticed a cane toad
  1374 | D        | Killed a cane toad
  1375 | D        | Reached skill level 16 in Fighting
  1379 | D        | Killed a cane toad
  1379 | D        | Noticed a cane toad
  1380 | D        | Reached XP level 10. HP: 108/108 MP: 3/9
  1388 | D        | Killed a black mamba
  1396 | D        | Killed a cane toad
  1396 | D        | Received a gift from Trog
  1397 | D        | Reached skill level 17 in Fighting
  1650 | D        | Noticed a cane toad
  1650 | D        | Noticed a torpor snail
  1655 | D        | Killed a torpor snail
  1658 | D        | Killed a cane toad
  1661 | D        | Reached ****** piety under Trog
  1674 | D        | Received a gift from Trog
  1678 | D        | Reached skill level 18 in Fighting
  1828 | D        | Received a gift from Trog
  2052 | D        | Noticed a stone giant
  2065 | D        | Killed a stone giant
  2066 | D        | Reached XP level 11. HP: 58/121 MP: 10/10
  2066 | D        | Noticed a stone giant
  2068 | D        | Received a gift from Trog
  2075 | D        | Killed a stone giant
  2076 | D        | Reached skill level 19 in Fighting
  2422 | D        | Noticed an orc sorcerer
  2422 | D        | Noticed an orc knight
  2422 | D        | Noticed an ettin
  2427 | D        | Killed an ettin
  2428 | D        | Noticed an orc knight
  2433 | D        | Killed an orc knight
  2437 | D        | Noticed an orc knight
  2440 | D        | Killed an orc sorcerer
  2445 | D        | Received a gift from Trog
  2456 | D        | Killed an orc knight
  2463 | D        | Killed an orc knight
  2494 | D        | Reached skill level 20 in Fighting
  2712 | D        | Found Kotap's Weapon Boutique.
  2712 | D        | Noticed an orc sorcerer
  2712 | D        | Noticed an orc sorcerer
  2714 | D        | Killed an orc sorcerer
  2716 | D        | Killed an orc sorcerer
  2716 | D        | Received a gift from Trog
  2716 | D        | Noticed an orc sorcerer
  2720 | D        | Found Aleusari's Magic Scroll Shop.
  2720 | D        | Noticed an orc sorcerer
  2721 | D        | Received a gift from Trog
  2734 | D        | Killed an orc sorcerer
  2739 | D        | Noticed an orc sorcerer
  2739 | D        | Paralysed by an orc sorcerer for 6 turns
  2749 | D        | Killed an orc sorcerer
  2749 | D        | Received a gift from Trog
  2750 | D        | Killed an orc sorcerer
  2752 | D        | Found Ninioloj's Antique Armour Boutique.
  2756 | D        | Found Iffioxzeull's Jewellery Shop.
  2769 | D        | Noticed an orc sorcerer
  2823 | D        | Killed an orc sorcerer
  2832 | D        | Received a gift from Trog
  2970 | D        | Bought a heavily runed scale mail for 198 gold pieces
  2970 | D        | Identified the +1 scale mail "Gocriede" {*Corrode +Inv
                  | Str+4 Int+8} (You bought it in a shop in the Dungeon)
  2970 | D        | Bought a glowing plate armour for 572 gold pieces
  2977 | D        | Bought a scroll of acquirement for 520 gold pieces
  2977 | D        | Bought 3 scrolls of blinking for 225 gold pieces
  2977 | D        | Bought a scroll of blinking for 75 gold pieces
  2977 | D        | Bought a scroll of enchant armour for 75 gold pieces
  2977 | D        | Bought a scroll of identify for 20 gold pieces
  3388 | D        | Noticed Maurice
  3407 | D        | Killed Maurice
  3408 | D        | Reached skill level 15 in Armour
  3543 | D        | Noticed Erica
  3558 | D        | Killed Erica
  3559 | D        | Reached skill level 21 in Fighting
  3661 | D        | Noticed a deep elf pyromancer
  3661 | D        | Noticed a boulder beetle
  3661 | D        | Noticed an orc knight
  3661 | D        | Noticed a boulder beetle
  3661 | D        | Noticed a skeletal warrior
  3667 | D        | Reached XP level 12. HP: 136/136 MP: 3/11
  3672 | D        | Noticed a fire giant
  3673 | D        | Noticed a fire dragon
  3685 | D        | Killed a boulder beetle
  3688 | D        | Killed a boulder beetle
  3688 | D        | Received a gift from Trog
  3696 | D        | Killed a fire giant
  3698 | D        | Noticed a sphinx
  3700 | D        | Noticed an ice dragon
  3701 | D        | Noticed a deep troll earth mage
  3702 | D        | Killed a fire dragon
  3703 | D        | Reached skill level 22 in Fighting
  3708 | D        | Killed a sphinx
  3713 | D        | Acquired a manual of Fighting
  3729 | D        | Killed an ice dragon
  3730 | D        | Reached skill level 15 in Dodging
  3735 | D        | Killed a deep troll earth mage
  4001 | D        | Reached skill level 23 in Fighting
  4258 | D        | Noticed Erolcha
  4263 | D        | Killed Erolcha
  4319 | D        | Noticed an alligator snapping turtle
  4320 | D        | Noticed a merfolk impaler
  4327 | D        | Noticed a satyr
  4329 | D        | Reached skill level 24 in Fighting
  4338 | D        | Killed an alligator snapping turtle
  4453 | D        | Killed a merfolk impaler
  4454 | D        | Reached XP level 13. HP: 89/151 MP: 12/12
  4956 | D        | Noticed a nagaraja
  4959 | D        | Reached skill level 25 in Fighting
  4960 | D        | Noticed a nagaraja
  4962 | D        | Killed a nagaraja
  4966 | D        | Killed a nagaraja
  4974 | D        | Reached skill level 26 in Fighting
  4978 | D        | Received a gift from Trog
  5504 | D        | Received a gift from Trog
  5505 | D        | Reached skill level 27 in Fighting
  5893 | D        | Noticed a spark wasp
  5911 | D        | Killed a spark wasp
  5911 | D        | Identified the +2 battleaxe of Arrival {flame, Will+} (Trog
                  | gifted it to you in the Dungeon)
  5911 | D        | Received a gift from Trog
  6543 | D        | Noticed a red very ugly thing
  6543 | D        | Noticed an ettin
  6543 | D        | Noticed a tengu reaver
  6547 | D        | Noticed a frost giant
  6550 | D        | Killed a tengu reaver
  6551 | D        | Noticed an ettin
  6564 | D        | Killed a red very ugly thing
  6565 | D        | Noticed a vampire knight
  6570 | D        | Killed an ettin
  6571 | D        | Noticed a fire dragon
  6574 | D        | Received a gift from Trog
  6575 | D        | Noticed an iron dragon
  6576 | D        | Noticed a vampire knight
  6603 | D        | Killed a frost giant
  6629 | D        | Killed an ettin
  6630 | D        | Reached XP level 14. HP: 68/168 MP: 13/13
  6746 | D        | Killed an iron dragon
  6955 | D        | Killed a vampire knight
  6961 | D        | Killed a vampire knight
  6972 | D        | Noticed a stone giant
  6988 | D        | Killed a stone giant
  6989 | D        | Reached skill level 5 in Evocations
  7145 | D        | Identified the +7 executioner's axe of Death {vorpal, rN+}
                  | (Trog gifted it to you in the Dungeon)
  7145 | D        | Received a gift from Trog
  7337 | D        | Noticed a vault warden
  7337 | D        | Noticed a red very ugly thing
  7341 | D        | Killed a red very ugly thing
  7345 | D        | Noticed an ironbound preserver
  7346 | D        | Noticed an ironbound preserver
  7347 | D        | Received a gift from Trog
  7349 | D        | Noticed an orc warlord
  7355 | D        | Killed a vault warden
  7362 | D        | Noticed an ironbound preserver
  7367 | D        | Killed an ironbound preserver
  7367 | D        | Received a gift from Trog
  7368 | D        | Killed an ironbound preserver
  7369 | D        | Noticed an ironbound thunderhulk
  7371 | D        | Noticed a vault warden
  7376 | D        | Noticed a vault warden
  7380 | D        | Killed an ironbound thunderhulk
  7385 | D        | Annihilated by an orc warlord

Illustrated notes

Levels and vault maps discovered:
D:        linesprint [early_d, line_temple, items_1, d_10, items_2, lair_1,
          lair_end, items_3, orc_1, orc_end, items_4, d_15, swamp_1, shoals_1,
          snake_1, spider_1, d_20, vaults_1, items_5, swamp_end, shoals_end,
          snake_end, spider_end, vaults_end, d_27, items_6, zot_1, zot_end,
          crypt_end, forest_end, elf_end, slime_end, tomb_end, abyss_end,
          pan_hell_end]

Skill      XL: |  1  2  3  4  5  6  7  8  9 10 11 12 13 14 |
---------------+-------------------------------------------+-----
Fighting       | 5 8 10 11 12 14 16 18 21 24 27 | 27.0
Axes           | 5 8 10 11 12 14 16 18 21 23 24 | 24.0
Armour         | 3 5 7 8 10 11 13 15 17 21 23 | 23.0
Dodging        | 3 4 6 7 8 9 10 12 14 15 19 21 | 21.3
Evocations     | 9 |  9.1

Action                   |  1- 3 |  4- 6 |  7- 9 | 10-12 | 13-15 || total
-------------------------+-------+-------+-------+-------+-------++-------
Melee: Hand axe          |    22 |     2 |       |       |       ||    24
       Headbutt          |     2 |     2 |    13 |    37 |    39 ||    93
       War axe           |       |     7 |    49 |       |       ||    56
       Battleaxe         |       |       |     7 |   171 |       ||   178
       Punch             |       |       |     2 |       |       ||     2
       Executioner's axe |       |       |       |    26 |   166 ||   192
Invok: Berserk           |     1 |     1 |     3 |     5 |     5 ||    15
       Brothers in Arms  |       |       |       |    11 |    10 ||    21
       Trog's Hand       |       |       |       |     2 |     3 ||     5
  Use: Scroll            |       |       |       |     6 |     3 ||     9
       Potion            |       |       |       |       |     6 ||     6
 Stab: Distracted        |       |       |       |       |     1 ||     1
Armor: Animal skin       |     5 |       |     8 |       |       ||    13
       Scale mail        |       |       |     1 |    52 |    49 ||   102
Dodge: Dodged            |     8 |     2 |    33 |    77 |   116 ||   236
